 Dungeon Crawl Stone Soup version 0.29.1-15-g9cfb28693d (webtiles) character file.

Game seed: 6309554120373872595

169 croobank the Firebug (level 5, 0/37 HPs)
             Began as a Demonspawn Fire Elementalist on Apr 4, 2023.
             Slain by an orc wizard
             ... wielding a +0 dagger
              (2 damage)
             ... on level 3 of the Dungeon.
             The game lasted 00:09:36 (4200 turns).

croobank the Firebug (Demonspawn Fire Elementalist) Turns: 4200, Time: 00:09:37

Health: 0/37       AC:  2    Str:  8    XL:     5   Next: 25%
Magic:  12/18      EV: 16    Int: 19    God:
Gold:   179        SH:  0    Dex: 13    Spells: 3/9 levels left

rFire   . . .      SeeInvis .   (no weapon)
rCold   . . .      Faith    .   (no shield)
rNeg    . . .      Spirit   .   a - +0 robe
rPois   .          Reflect  .   (no helmet)
rElec   .          Harm     .   (no cloak)
rCorr   .          Rampage  .   (gloves unavailable)
Will    .....                   (no boots)
Stlth   ++........              (no amulet)
HPRegen 0.12/turn               s - +4 ring of evasion
MPRegen 0.16/turn               c - ring of magical power

@: wereblooded
A: claws 3, demonic guardian 1
a: no special abilities


You were on level 3 of the Dungeon.
You visited 1 branch of the dungeon, and saw 3 of its levels.

You collected 179 gold pieces.

Inventory:

Hand Weapons
 f - a +0 flail
 i - a +0 falchion
 l - a +0 rapier
 v - a +2 whip of pain
 x - a +2 dagger of electrocution
Missiles
 e - 6 silver boomerangs
 h - 7 poisoned darts
 w - 2 boomerangs of dispersal
Armour
 a - a +0 robe (worn)
Jewellery
 c - a ring of magical power (right claw)
 s - a +4 ring of evasion (left claw)
 u - an amulet of faith
Scrolls
 j - 2 scrolls of butterflies {unknown}
 k - a scroll of fear
 m - a scroll of vulnerability {unknown}
 n - a scroll of noise {unknown}
 q - a scroll of brand weapon {unknown}
 y - a scroll of amnesia {unknown}
Potions
 b - a potion of magic
 d - a potion of degeneration {unknown}
 p - a potion of lignification {unknown}
 r - a potion of attraction {unknown}
 t - a potion of ambrosia {unknown}
 z - a potion of might {unknown}


   Skills:
 * Level 1.1 Fighting
 + Level 2.5 Dodging
 + Level 2.8 Stealth
 * Level 0.3 Unarmed Combat
 + Level 2.7 Spellcasting
 + Level 2.1 Conjurations
 + Level 0.6 Transmutations
 + Level 3.2 Fire Magic


You had 3 spell levels left.
You knew the following spells:

 Your Spells              Type           Power      Damage    Failure   Level
a - Foxfire               Conj/Fire      48%        2x1d6     5%          1
b - Scorch                Fire           30%        2d6       6%          2
c - Beastly Appendage     Tmut           8%         N/A       12%         1
d - Wereblood             Tmut           4%         N/A       19%         2

Your spell library contained the following spells:

 Spells                   Type           Power      Damage    Failure   Level
 Conjure Flame            Conj/Fire      12%        6-21      16%         3
 Inner Flame              Hex/Fire       8%         N/A       24%         3
 Spider Form              Tmut/Pois      3%         N/A       38%         3
 Flame Wave               Conj/Fire      12%        2d6       45%         4


Dungeon Overview and Level Annotations

Branches:
Dungeon (3/15)

Altars:


Innate Abilities, Weirdness & Mutations

You have claws for hands.
A weak demonic guardian rushes to your aid.


Message History

The orc wizard flickers and vanishes!
Deactivating autopickup; reactivate with Ctrl-A.
The orc misses you. The orc wizard completely misses you.
Something barely misses you.
You barely miss the orc wizard. Your kick misses the orc wizard.
The orc wizard casts a spell at you.
You are confused.
The orc hits you with a +0 mace. Something hits you.
You are too confused!
You feel better.
The orc wizard casts a spell.
The orc wizard flickers and vanishes!
The orc barely misses you. Something hits you.
Casting: Wereblood (safe; 19% risk of failure)
Confirm with . or Enter, or press ? or * to list all spells.
Okay, then.
You closely miss something. Your kick misses something.
Your headbutt misses something. Something hits you but does no damage.
The orc hits you with a +0 mace! Something hits you but does no damage.
You scratch something but do no damage. You claw something.
Your headbutt misses something. You claw something. Something hits you.
The orc hits you with a +0 mace. Something hits you.
You hear some strange, mumbled words.
A magic dart appears from out of thin air!
The magic dart hits you.
A demonic guardian appears!
Your horns disappear.
Your talons disappear.
The orc closely misses you. Something hits you.
* * * LOW HITPOINT WARNING * * *
Okay, then.
Casting: Wereblood (safe; 19% risk of failure)
Confirm with . or Enter, or press ? or * to list all spells.
Flames lash something.
Your ufetubus hits something.
Your ufetubus closely misses something.
You hear some strange, mumbled words.
A magic dart appears from out of thin air!
The magic dart hits you!
* * * LOW HITPOINT WARNING * * *
Your ufetubus misses something.
Your ufetubus closely misses something.
Something hits you.
You die...

.......#.# ##.....##.....##
#...#.††.# ####.########..
#...#...## #.# ...
##......# #.# .. #......#
##.#### #.......# #.....#
......... #.....# .
#......... # #{o...# $.
...>..#..#.#.###@{...##..
........ .....<...5.....#
...##.## ............####
..###.# ......#...).# #.
..##..##
....#.......####...
.....#....................#
.............###.###....###
.............# #.##.....#
.............# #....##..#


You could see an orc (ally target) and a friendly ufetubus (summoned).

Vanquished Creatures
  Jessica (D:3)
  A gnoll (D:1)
  7 adders
  2 dart slugs
  6 orcs (D:3)
  5 ball pythons
  7 bats
  4 endoplasms
  2 giant cockroaches (D:1)
  6 goblins
  5 hobgoblins
  A quokka (D:2)
  2 frilled lizards
  5 kobolds
  10 rats
  A spectral kobold (D:1)
65 creatures vanquished.

Vanquished Creatures (others)
  108 foxfires
108 creatures vanquished.

Grand Total: 173 creatures vanquished

Notes
Turn   | Place    | Note
-------+----------+-------------------------------------------
     0 | D:1      | croobank the Demonspawn Fire Elementalist began the quest
                  | for the Orb.
     0 | D:1      | Reached XP level 1. HP: 13/13 MP: 3/3
   358 | D:1      | Gained mutation: You have sharp fingernails. [demonic
                  | ancestry]
   358 | D:1      | Reached XP level 2. HP: 19/19 MP: 1/5
   418 | D:1      | Learned a level 2 spell: Scorch
   868 | D:1      | Gained mutation: You have very sharp fingernails. [demonic
                  | ancestry]
   868 | D:1      | Reached XP level 3. HP: 22/24 MP: 4/6
   940 | D:1      | Found a faded altar of an unknown god.
  1107 | D:1      | Reached skill level 3 in Fire Magic
  2524 | D:2      | Gained mutation: You have claws for hands. [demonic
                  | ancestry]
  2524 | D:2      | Reached XP level 4. HP: 30/30 MP: 0/7
  2762 | D:2      | Learned a level 1 spell: Beastly Appendage
  2765 | D:2      | Learned a level 2 spell: Wereblood
  3393 | D:3      | Noticed Jessica
  3405 | D:3      | Killed Jessica
  3647 | D:3      | Reached skill level 1 in Fighting
  3647 | D:3      | Gained mutation: A weak demonic guardian rushes to your
                  | aid. [demonic ancestry]
  3647 | D:3      | Reached XP level 5. HP: 34/37 MP: 5/9
  4200 | D:3      | Slain by an orc wizard

Illustrated notes

Levels and vault maps discovered:
D:1:      spicycebolla_arrival_xxxplode, layout_loops_ring,
          dreamdust_ecumenical_altar_drowned_temple
D:2:      layout_basic, minmay_pentomino_s4
D:3:      layout_rooms, uniq_jessica

Skill      XL: |  1  2  3  4 |
---------------+-------------+-----
Stealth        | 2 |  2.8
Dodging        | 2 |  2.5
Fire Magic     | 3 |  3.2
Conjurations   | 2 |  2.1
Fighting       | 1 |  1.1
Unarmed Combat | |  0.3
Spellcasting   | |  2.7
Transmutations | |  0.6

Action                   |  1- 3 |  4- 6 || total
-------------------------+-------+-------++-------
Melee: Unarmed           |    11 |    65 ||    76
       Dagger            |    15 |       ||    15
       Punch             |     1 |     2 ||     3
       Headbutt          |       |     6 ||     6
       Kick              |       |     8 ||     8
 Cast: Foxfire           |    60 |     8 ||    68
       Scorch            |    10 |     7 ||    17
       Beastly Appendage |       |    10 ||    10
       Wereblood         |       |    10 ||    10
  Use: Scroll            |     1 |     2 ||     3
       Potion            |       |     1 ||     1
 Stab: Sleeping          |       |     3 ||     3
Armor: Robe              |     8 |    10 ||    18
Dodge: Dodged            |    30 |    67 ||    97
